AoeStats
← LWV | ChrisJedai

Coastal Forest

510354141Analyzed
3v3 RM · 19h ago on Sep 30, 2026· 39m 19s· 6 players
Game mode
Random Map
Map size
Normal (6 player)
Population
200
Speed
Normal
Resources
Standard
Victory
Conquest
Starting age
Dark Age
Ending age
Imperial Age
RankedLock teamsTeams togetherTeam positionsShared explorationLock speedFull tech treeHidden civsTurbo modeCheats
Victory
Defeat
🇨🇱 Hindustanis · Chile
1202
+17
🇨🇱 Italians · Chile
1184
+18
🇨🇱 Khmer · Chile
1144
+19
🇮🇳 Varangians · India
1236
-19
🇩🇰 Maya · Denmark
1215
-18
🇫🇷 Persians · France
1201
-17
CL0UD
0:30 Loom
11:11 Feudal Age
15:35 Castle Age
18:50 Fletching
19:01 Padded Archer Armor
19:11 Double-Bit Axe
21:25 Bow Saw
21:29 Bodkin Arrow
21:35 Gold Mining
23:38 Fishing Lines
29:56 Wheelbarrow
29:07 Town Watch
29:46 Leather Archer Armor
32:02 Medium Warships
33:20 Gillnets
34:12 Ballistics
37:54 Imperial Age
37:06 Hand Cart
Frodon le Hobbit
5:27 Loom
12:19 Feudal Age
18:45 Castle Age
20:09 Gold Mining
29:07 Bloodlines
30:02 Scale Barding Armor
30:08 Forging
30:26 Stone Mining
31:23 Double-Bit Axe
31:59 Padded Archer Armor
33:37 Horse Collar
34:32 Leather Archer Armor
36:49 Scale Mail Armor
39:37 Imperial Age
37:45 Wheelbarrow
37:14 Heavy Plow
37:29 Bow Saw
39:07 Chain Barding Armor
War Hero
6:37 Loom
10:51 Feudal Age
16:51 Castle Age
15:08 Double-Bit Axe
15:57 Horse Collar
18:58 Bow Saw
28:33 Forging
29:16 Scale Barding Armor
31:09 Gambesons
31:24 Squires
34:00 Chain Barding Armor
38:37 Imperial Age
37:23 Wheelbarrow
36:33 Town Watch
37:20 Bloodlines
37:15 Husbandry
36:49 Elite Skirmisher
38:44 Iron Casting
38:20 Heavy Plow
40:26 Blast Furnace
LWV | planb
8:03 Loom
10:16 Feudal Age
12:02 Double-Bit Axe
14:21 Fletching
18:33 Town Watch
21:05 Castle Age
20:10 Gold Mining
20:48 Padded Archer Armor
21:17 Crossbowman
21:53 Bodkin Arrow
23:58 Bow Saw
26:01 Wheelbarrow
30:57 Imperial Age
29:09 Horse Collar
31:42 Stone Mining
31:26 Arbalester
33:07 Heavy Plow
35:37 Hoardings
37:19 Ballistics
37:57 Bracer
LWV | AndresO11
10:51 Feudal Age
10:54 Loom
15:26 Castle Age
14:36 Double-Bit Axe
14:43 Horse Collar
14:49 Loom
15:01 Gold Mining
16:49 Wheelbarrow
17:26 Forging
17:54 Bow Saw
20:16 Husbandry
24:05 Bloodlines
23:27 Light Cavalry
25:44 Scale Mail Armor
30:11 Iron Casting
29:42 Scale Barding Armor
30:04 Town Watch
34:39 Imperial Age
34:06 Chain Mail Armor
34:11 Chain Barding Armor
36:43 Heavy Camel Rider
39:11 Blast Furnace
38:47 Plate Barding Armor
LWV | ChrisJedai
7:39 Loom
7:50 Loom
10:36 Feudal Age
11:16 Double-Bit Axe
12:19 Horse Collar
18:56 Castle Age
17:47 Forging
21:12 Bloodlines
21:02 Husbandry
21:41 Iron Casting
21:11 Scale Barding Armor
21:16 Town Watch
24:00 Bow Saw
24:49 Wheelbarrow
35:02 Imperial Age
34:26 Chain Barding Armor
35:02 Heavy Plow
36:13 Hand Cart
36:46 Ballistics
36:33 Siege Engineers
36:51 Conscription
38:34 Blast Furnace
37:07 Light Cavalry
37:54 Town Patrol
Connection lost

Rejoining the realm…

Still unreachable

The connection could not be restored.

Session expired

The server has moved on; the page needs a fresh start.